 Dungeon Crawl Stone Soup version 0.20-a0-270-g8e735b6 (webtiles) character file.

24459 patrickswayze the Severer (level 12, -1/97 HPs)
             Began as a Deep Dwarf Chaos Knight on Dec 4, 2016.
             Slain by an orc warrior
             ... wielding a +0 battleaxe
             ... led by an orc warlord
              (7 damage)
             ... on level 1 of the Orcish Mines on Dec 10, 2016.
             The game lasted 00:40:30 (13205 turns).

patrickswayze the Severer (DDCK)                   Turns: 13205, Time: 00:40:31

Health: -1/97      AC: 28    Str: 21    XL:     12   Next: 80%
Magic:  5/5        EV: 14    Int: 14    God:    Xom [*.....]
Gold:   1640       SH:  0    Dex: 16    Spells: 8/13 levels left

rFire  . . .     SeeInvis .     a - +4 battleaxe (freeze)
rCold  . . .     Gourm    +     f - +4 chain mail {MR+}
rNeg   . . .     Faith    .     (shield currently unavailable)
rPois  +         Spirit   .     J - +0 helmet
rElec  .         Reflect  .     o - +2 cloak {rPois}
rCorr  .         Harm     .     l - +2 pair of gloves {archery}
MR     +++..     Clarity  +     Q - +2 pair of boots {Stlth+}
Stlth  ++........               q - amulet of the gourmand
                                u - ring of stealth
                                O - ring of stealth

@: mighty, non-regenerating
A: damage resistance, recharge devices, hooves 1, thin skeletal structure 1,
blurry vision 1, clarity, clumsy 1, deterioration 1, magic resistance 1, sense
surroundings 2, slow regeneration 3, MP-powered wands
a: Device Recharging, Renounce Religion


You were on level 1 of the Orcish Mines.
You worshipped Xom.
You were a special plaything of Xom.
You were not hungry.

You visited 3 branches of the dungeon, and saw 16 of its levels.
You also visited: Bailey.

You collected 2214 gold pieces.
You spent 574 gold pieces at shops.


Innate Abilities, Weirdness & Mutations

You are resistant to damage.
You can recharge devices by infusing magical energy.
You passively map the area around you.
You do not regenerate.
You have large cloven feet.
You have a somewhat thin skeletal structure. (Dex +2, Stealth)
Scrolls take you a little longer to read.
You possess an exceptional clarity of mind.
You are clumsy. (Dex -2)
Your body sometimes deteriorates upon taking damage.
You are resistant to hostile enchantments. (MR+)
You expend magic power (3 MP) to strengthen your wands.


   Skills:
 - Level 3.5 Fighting
 - Level 17.1 Axes
 + Level 12.0 Armour
 - Level 9.6 Dodging
 - Level 1.3 Spellcasting


You had 8 spell levels left.
You knew the following spells:

 Your Spells              Type           Power        Failure   Level  Hunger
r - Repel Missiles        Chrm/Air       #.....       99%         2    ###....
Z - Spectral Weapon       Hex/Chrm       #.......     100%        3    ####...

Inventory:

Hand Weapons
 a - a +4 battleaxe of freezing (weapon)
 v - the +3 hand crossbow of Alahaaz {venom, MP+9 Int+3 Stlth-, unknown}
   (You found it on level 10 of the Dungeon)

   It poisons the ammo it fires.
   It affects your intelligence (+3).
   It affects your magic capacity (+9).
   It makes you less stealthy.
Missiles
 p - 395 stones (quivered)
Armour
 f - a +4 chain mail of magic resistance (worn)
 l - a +2 pair of gloves of archery (worn)
 o - a +2 cloak of poison resistance (worn)
 J - a +0 helmet (worn)
 Q - a +2 pair of boots of stealth (worn)
Jewellery
 e - an uncursed amulet of faith {!P}
 g - a -2 ring of evasion
 q - an amulet of the gourmand (around neck)
 u - a ring of stealth (right hand)
 y - an uncursed ring of flight
 C - an uncursed ring of protection from fire
 O - a ring of stealth (left hand)
 W - an uncursed amulet of regeneration {unknown}
 Y - a +2 amulet of reflection {unknown}
Wands
 c - a wand of heal wounds (3/9)
 i - a wand of enslavement (2/24)
 r - a wand of paralysis (4/24)
 A - a wand of flame (25/48)
 B - a wand of slowing (24/48)
 S - a wand of teleportation (2/9)
 U - a wand of polymorph (16/24)
Scrolls
 j - 3 scrolls of enchant weapon
 k - 4 scrolls of teleportation
 m - 8 scrolls of remove curse
 G - a scroll of amnesia
 X - a scroll of vulnerability
Potions
 z - a potion of brilliance
 E - 5 potions of flight
 H - a potion of haste
 P - a potion of curing
Comestibles
 b - 7 slices of pizza
 d - 9 bread rations
 h - 3 royal jellies
 s - 12 meat rations


Message History

You barely miss the orc warrior.
The orc warrior is almost dead.
The orc warrior hits you but does no damage.
You slice the orc warrior!! You freeze the orc warrior.
You kill the orc warrior!
The orc warrior closely misses you.
The orc warrior hits you with a trident!
* * * LOW HITPOINT WARNING * * *
You hit the orc warrior. You freeze the orc warrior.
The orc warrior is lightly wounded.
The orc warrior misses you.
You slice the orc warrior!! You freeze the orc warrior.
You kill the orc warrior!
Your Armour skill increases to level 12!
You closely miss the orc warrior. The orc warrior misses you.
You closely miss the orc warrior. You slash the orc warrior!
You freeze the orc warrior.
The orc warrior is heavily wounded.
The orc warrior hits you with a battleaxe!
You die...

##.#......###...#.## ,,,
#.._#...o###.....).## **,
...###.#.##.....#...# ,
#...###...##.#####..## *
.....###..#### #....## * ,
.....#.._..#.## ##....### * *
, .#.........)).#####(.##.## ,
.............#)##.)[.#...## ,,
.............)()@o)...^.#.##
*,
.......#.....).##..........#**
..............####.###....##
............#.## ### ##.###
...............###.######
.........)..#...#....## ,
............#..#......## *
.......................#
....>..........##.#.#.## , ,


You could see an orc warrior.

Vanquished Creatures
  An azure jelly (Orc:1)
  Fannar (Lair:3)
  2 hill giants
  4 deep elf magi
  2 black mambas (Lair:2)
  4 spiny frogs
  6 komodo dragons
  A centaur skeleton (D:10)
  A rime drake (Lair:1)
  A troll (D:10)
  Prince Ribbit (D:6)
  8 blink frogs
  4 hippogriffs
  A wyvern (D:9)
  9 yaks
  3 hogs (D:10)
  2 basilisks
  A golden eye (D:5)
  A steam dragon (Lair:1)
  3 hungry ghosts
  A human (D:10)
  4 insubstantial wisps (Lair:2)
  3 nagas (Lair:2)
  2 wargs
  9 crocodiles
  6 water moccasins
  Duvessa (D:4)
  4 sky beasts
  4 porcupines
  13 orc warriors
  2 ice beasts
  A necrophage (D:9)
  2 phantoms
  10 wolves
  10 ogres
  4 centaurs
  A big kobold (D:8)
  13 bullfrogs
  A gnoll sergeant (D:10)
  Dowan (D:4)
  A scorpion (D:7)
  8 killer bees (D:10)
  2 troll zombies (D:11)
  3 wights (D:10)
  4 crimson imps
  A bullfrog zombie (D:10)
  A centaur zombie (D:8)
  3 jellies
  4 hounds
  9 orc priests
  10 orc wizards
  A bullfrog skeleton (D:8)
  Terence (D:3)
  7 iguanas
  9 worker ants
  6 ogre zombies (D:11)
  2 hound skeletons
  7 gnolls
  7 adders
  A river rat (D:5)
  A shadow imp (D:6)
  An adder zombie (D:6)
  2 adder skeletons
  4 worms
  5 leopard geckos
  58 orcs
  8 bats
  11 giant cockroaches
  12 goblins
  10 hobgoblins
  7 jackals
  8 quokkas
  4 ball pythons
  3 frilled lizards
  3 goblin skeletons (D:11)
  2 goblin zombies (D:11)
  A hobgoblin skeleton (D:11)
  4 hobgoblin zombies (D:11)
  15 kobolds
  2 orc skeletons (D:11)
  13 orc zombies (D:11)
  13 rats
  3 fungi
  A plant (Lair:3)
426 creatures vanquished.

Vanquished Creatures (collateral kills)
  A hippogriff (Lair:1)
  An insubstantial wisp (Lair:2)
  2 bullfrogs (D:8)
  A big kobold (D:11)
  A gnoll shaman (D:8)
  A gnoll (D:8)
  2 kobolds (D:11)
9 creatures vanquished.

Vanquished Creatures (others)
  2 ball lightnings (Orc:1)
  A steam dragon (D:9)
  An orc wizard (Orc:2)
  A worker ant (D:4)
  An orc (Orc:2)
  A fungus (Lair:3)
7 creatures vanquished.

Grand Total: 442 creatures vanquished

Notes
Turn   | Place    | Note
-------+----------+-------------------------------------------
     0 | D:1      | patrickswayze the Deep Dwarf Chaos Knight began the quest for the Orb.
     0 | D:1      | Reached XP level 1. HP: 20/20 MP: 1/1
   224 | D:1      | Reached skill level 4 in Axes
   224 | D:1      | Reached XP level 2. HP: 20/27 MP: 2/2
   285 | D:1      | XOM: silly message
   317 | D:1      | XOM: silly message
   483 | D:1      | XOM: harmless Fire miscast
   609 | D:1      | XOM: silly message
   697 | D:2      | Reached XP level 3. HP: 23/33 MP: 3/3
   865 | D:2      | Reached skill level 5 in Axes
   867 | D:2      | XOM: silly message
  1153 | D:2      | Found a deep blue altar of Sif Muna.
  1176 | D:2      | XOM: harmless Air miscast
  1186 | D:3      | Noticed Terence
  1197 | D:3      | XOM: divination: magic mapping
  1198 | D:3      | Killed Terence
  1198 | D:3      | Reached XP level 4. HP: 18/40 MP: 4/4
  1548 | D:3      | XOM: divination: detect creatures
  1556 | D:3      | Reached skill level 6 in Axes
  1605 | D:3      | XOM is BORED!
  1605 | D:3      | XOM: harmless Necr miscast
  1755 | D:3      | Reached XP level 5. HP: 40/46 MP: 5/5
  1888 | D:3      | Found a snail-covered altar of Cheibriados.
  1948 | D:4      | Noticed Duvessa
  1949 | D:4      | Noticed Dowan
  1958 | D:4      | XOM: potion effect (berserk rage)
  1960 | D:4      | Killed Duvessa
  1960 | D:4      | Reached skill level 7 in Axes
  1962 | D:4      | Killed Dowan
  1962 | D:4      | Reached XP level 6. HP: 55/55 MP: 6/6
  2071 | D:4      | Reached skill level 8 in Axes
  2204 | D:4      | XOM: potion effect (invisibility)
  2367 | D:4      | Noticed an orc warrior
  2375 | D:4      | HP: 11/55 [orc warrior/enchanted halberd (20)]
  2386 | D:4      | XOM: divination: detect creatures
  2388 | D:4      | XOM: divine lightning (protected)
  2388 | D:4      | HP: 4/55 [orc warrior/enchanted halberd (21)]
  2394 | D:4      | XOM: harmless Tmut miscast
  2397 | D:4      | XOM: enchant monster (bad)
  2398 | D:4      | HP: 2/55 [something (20)]
  2472 | D:5      | Entered Level 5 of the Dungeon
  2614 | D:5      | Reached XP level 7. HP: 33/61 MP: 5/5
  2700 | D:5      | XOM: silly message
  2704 | D:5      | Reached skill level 9 in Axes
  2743 | D:5      | Found a staircase to the Ecumenical Temple.
  2820 | D:5      | Noticed a golden eye
  2820 | D:5      | a sky beast changed into a golden eye
  2820 | D:5      | XOM: polymorph sky beast -> golden eye
  2823 | D:5      | XOM: summons 2 friendly demons
  2841 | D:5      | XOM: cleaving
  2848 | D:5      | XOM: fog
  2861 | D:5      | Killed a golden eye
  2962 | D:5      | Found a hide-covered altar of Uskayaw.
  2965 | D:5      | Noticed a hand axe
  2966 | D:5      | Noticed a hand axe
  3787 | D:5      | XOM: god gift: 4 needles of confusion
  3907 | D:6      | Found a glowing silver altar of Zin.
  3958 | D:6      | XOM: draining
  3990 | D:6      | Reached skill level 10 in Axes
  4070 | D:6      | XOM: cleaving
  4113 | D:6      | XOM: god gift: club {god gift}
  4134 | D:6      | Reached XP level 8. HP: 26/68 MP: 6/6
  4163 | D:6      | XOM: god gift: 840 gold pieces
  4279 | D:6      | Noticed Prince Ribbit
  4279 | D:6      | XOM: chaos cloud
  4302 | D:6      | XOM: confusion (+ monsters)
  4328 | D:6      | Killed Prince Ribbit
  4328 | D:6      | Reached skill level 11 in Axes
  4398 | D:6      | XOM: give mutations
  4398 | D:6      | Gained mutation: Scrolls take you a little longer to read. [Xom's mischief]
  4398 | D:6      | Lost mutation: Scrolls take you a little longer to read. [Xom's mischief]
  4398 | D:6      | Gained mutation: Your body sometimes deteriorates upon taking damage. [Xom's mischief]
  4547 | D:6      | Found an iron altar of Okawaru.
  4547 | D:6      | Found a hazy altar of Hepliaklqana.
  4653 | D:6      | XOM: summons 1 hostile shadow creature
  5152 | D:7      | Reached skill level 12 in Axes
  5343 | D:7      | XOM: noise
  5421 | D:7      | XOM: give mutation
  5421 | D:7      | Gained mutation: You are clumsy. (Dex -2) [Xom's mischief]
  5481 | D:7      | Found a shattered altar of Ashenzari.
  5637 | D:8      | Found a flagged portal.
  5643 | Bailey   | Entered a bailey
  5643 | Bailey   | Noticed an orc knight
  5644 | Bailey   | Noticed an orc knight
  5751 | Bailey   | XOM: confusion
  5763 | Bailey   | HP: 13/68 [orc warrior/bolt (17)]
  5764 | Bailey   | XOM: polymorph orc warrior -> sky beast
  5764 | Bailey   | XOM: butterfly on damage
  5776 | Bailey   | HP: 11/68 [sky beast (4)]
  5782 | Bailey   | XOM: polymorph orc -> bat
  5784 | Bailey   | Gained mutation: You passively map the area around you. [Deep Dwarf growth]
  5784 | Bailey   | Reached XP level 9. HP: 53/74 MP: 5/5
  5788 | Bailey   | Reached skill level 13 in Axes
  5795 | Bailey   | XOM: harmless Necr miscast
  5796 | D:8      | XOM: mild Tloc miscast
  5796 | D:8      | HP: 11/74 [centaur/arrow (6)]
  5812 | D:8      | XOM: scenery: create altars
  5856 | D:8      | XOM: harmless Air miscast
  5937 | D:8      | Reached skill level 3 in Armour
  5985 | D:8      | XOM: destruction
  5992 | D:8      | XOM: 6-stop teleportation journey
  6000 | D:8      | XOM: enchant monster (good)
  6096 | D:8      | XOM: 1-stop teleportation journey
  6135 | D:8      | Reached skill level 3 in Dodging
  6171 | D:8      | XOM: summons friendly shadow imp
  6341 | D:8      | XOM: confuse monster(s)
  6408 | D:8      | XOM: smoke on damage
  6785 | D:9      | Found Pubbai's Antique Armour Emporium.
  6791 | D:9      | Bought a runed scale mail for 280 gold pieces
  6923 | D:9      | Noticed a moth of wrath
  6926 | D:9      | Found a bloodstained altar of Trog.
  6930 | D:9      | Upgraded the game from 0.20-a0-263-g81abdfb to 0.20-a0-267-g4a7ec2a
  6960 | D:9      | Noticed a hill giant
  6965 | D:9      | XOM: cast spell 'Discord'
  6967 | D:9      | XOM: potion effect (heal wounds)
  6979 | D:9      | XOM: cast spell 'Spider Form'
  7021 | D:8      | XOM: give mutations
  7021 | D:8      | Gained mutation: You have a somewhat thin skeletal structure. (Dex +2, Stealth) [Xom's grace]
  7021 | D:8      | Gained mutation: You have large cloven feet. [Xom's grace]
  7233 | D:9      | Killed a hill giant
  7233 | D:9      | Reached XP level 10. HP: 62/81 MP: 4/4
  7295 | D:9      | Found a burning altar of Makhleb.
  7304 | D:9      | XOM: harmless Conj miscast
  7305 | D:9      | Reached skill level 14 in Axes
  7340 | D:9      | Found a stormy altar of Qazlal.
  7381 | D:9      | XOM: enchant monster (good)
  7507 | D:9      | XOM: give mutations
  7507 | D:9      | Gained mutation: You are resistant to hostile enchantments. (MR+) [Xom's grace]
  7507 | D:9      | Gained mutation: You have supernaturally acute eyesight. (SInv) [Xom's grace]
  7507 | D:9      | Gained mutation: You possess an exceptional clarity of mind. [Xom's grace]
  7549 | D:9      | XOM: enchant monster (good)
  7578 | D:9      | XOM: god gift: 18 sling bullets
  7590 | D:9      | Found a staircase to the Lair.
  7627 | Lair:1   | Entered Level 1 of the Lair of Beasts
  7752 | Lair:1   | XOM: scenery: create altars
  7952 | Lair:1   | Reached skill level 15 in Axes
  8011 | Lair:1   | XOM: summons friendly shadow imp
  8093 | Lair:1   | XOM: polymorph shadow imp -> quasit
  8152 | Lair:1   | Noticed a spiny frog
  8153 | Lair:1   | XOM: summons 2 friendly demons
  8158 | Lair:1   | Killed a spiny frog
  8291 | Lair:1   | XOM: give mutations
  8291 | Lair:1   | Gained mutation: You expend magic power (3 MP) to strengthen your wands. [Xom's mischief]
  8291 | Lair:1   | Lost mutation: You have supernaturally acute eyesight. (SInv) [Xom's mischief]
  8291 | Lair:1   | Gained mutation: Scrolls take you a little longer to read. [Xom's mischief]
  8298 | Lair:1   | Noticed a spiny frog
  8304 | Lair:1   | XOM: cast spell 'Excruciating Wounds'
  8309 | Lair:1   | Killed a spiny frog
  8353 | Lair:1   | XOM: god gift: scroll of vulnerability
  8455 | Lair:2   | Found a staircase to the Swamp.
  8455 | Lair:2   | XOM: potion effect (haste)
  8461 | Lair:2   | XOM: summons 4 friendly demons
  8463 | Lair:2   | Reached skill level 16 in Axes
  8486 | Lair:2   | Reached XP level 11. HP: 57/88 MP: 4/4
  8486 | Lair:2   | XOM: polymorph ufetubus -> shadow imp
  8532 | Lair:2   | XOM: butterfly on damage
  8537 | Lair:2   | Found a staircase to the Snake Pit.
  8594 | Lair:2   | Learned a level 2 spell: Repel Missiles
  8598 | Lair:2   | Learned a level 3 spell: Spectral Weapon
  8744 | Lair:2   | XOM: confuse monster(s)
  8843 | Lair:2   | XOM: 2-stop teleportation journey
  8916 | Lair:2   | Reached skill level 17 in Axes
  9022 | Lair:2   | Reached skill level 3 in Fighting
  9427 | Lair:2   | Reached skill level 6 in Dodging
  9481 | Lair:2   | XOM: medium Pois miscast
  9545 | Lair:3   | XOM: enchant monster (bad)
  9568 | Lair:3   | XOM: 1-stop teleportation journey
  9684 | Lair:3   | Noticed Fannar
  9701 | Lair:3   | XOM: summons 4 friendly demons
  9705 | Lair:3   | Killed Fannar
  9719 | Lair:3   | XOM: scenery: create altars
  9784 | Lair:3   | XOM: cast spell 'Ice Form'
  9785 | Lair:3   | XOM: chaos cloud
  9830 | Lair:3   | XOM: enchant monster (good)
  9834 | Lair:3   | Reached skill level 9 in Dodging
 10104 | Lair:3   | HP: 11/90 [komodo dragon (8)]
 10142 | Lair:3   | XOM: cast spell 'Dispersal'
 10388 | D:10     | Entered Level 10 of the Dungeon
 10662 | D:10     | Noticed a hill giant
 10674 | D:10     | XOM: scenery: 1 doors open
 10792 | D:9      | HP: 17/90 [bullfrog (1)]
 10793 | D:9      | Reached skill level 1 in Spellcasting
 10830 | D:11     | Noticed a four-headed hydra
 10925 | D:10     | HP: 15/90 [acid (2)]
 10936 | D:10     | Reached XP level 12. HP: 16/97 MP: 3/5
 11177 | D:10     | Reached skill level 6 in Armour
 11215 | D:9      | Bought a runed chain mail for 294 gold pieces
 11291 | D:10     | Found a snail-covered altar of Cheibriados.
 11323 | D:10     | Got a polished buckler
 11475 | D:10     | XOM: fake destruction
 11518 | D:10     | Got a translucent hand crossbow
 11553 | D:10     | XOM: cast spell 'Summon Small Mammal'
 11554 | D:10     | XOM: confuse monster(s)
 11942 | D:11     | Noticed a four-headed hydra
 12048 | D:11     | Found Puebyp's Weapon Boutique.
 12051 | D:11     | XOM: summons 5 friendly demons
 12134 | D:11     | Found a staircase to the Orcish Mines.
 12146 | D:11     | Reached skill level 9 in Armour
 12260 | Orc:1    | Entered Level 1 of the Orcish Mines
 12267 | Orc:1    | XOM: confuse monster(s)
 12271 | Orc:1    | XOM: mild Erth miscast
 12425 | Orc:1    | XOM: potion effect (might)
 12453 | Orc:1    | Noticed an orc warlord
 12502 | Orc:1    | XOM: summons friendly sun demon
 12515 | Orc:1    | XOM: 4-stop teleportation journey
 12524 | Orc:1    | XOM: scenery: create altars
 12556 | Orc:2    | Entered Level 2 of the Orcish Mines
 12585 | Orc:2    | Found a staircase to the Elven Halls.
 12585 | Orc:2    | XOM: 2-stop teleportation journey
 12590 | Orc:2    | XOM: cleaving
 12598 | Orc:2    | XOM: polymorph orc priest -> centaur
 12617 | Orc:2    | HP: 15/97 [orc warrior/battleaxe[an orc knight] (10)]
 12715 | Orc:2    | XOM: summons friendly quasit
 12720 | Orc:2    | XOM: scenery: create altars
 12754 | Orc:2    | XOM: destruction
 12767 | Orc:2    | XOM: scenery: create altars
 12769 | Orc:2    | Upgraded the game from 0.20-a0-267-g4a7ec2a to 0.20-a0-270-g8e735b6
 12790 | Orc:1    | XOM: enchant monster (good)
 13038 | Orc:1    | XOM: 3-stop teleportation journey
 13154 | Orc:1    | XOM: scenery: create altars
 13178 | Orc:1    | XOM: cast spell 'Conjure Ball Lightning'
 13181 | Orc:1    | Noticed an azure jelly
 13181 | Orc:1    | an orc warlord changed into an azure jelly
 13181 | Orc:1    | XOM: polymorph orc warlord -> azure jelly
 13188 | Orc:1    | HP: 18/97 [orc warrior/trident[an orc warlord] (4)]
 13190 | Orc:1    | Killed an azure jelly
 13195 | Orc:1    | HP: 14/97 [orc warrior/trident[an orc warlord] (1)]
 13200 | Orc:1    | HP: 6/97 [orc warrior/trident[an orc warlord] (8)]
 13202 | Orc:1    | Reached skill level 12 in Armour
 13205 | Orc:1    | Slain by an orc warrior

Vault maps used:
D:1:      scummos_arrival_forest
D:2:      lemuel_blue_sif_altar
D:3:      cheibriados_altar_wand_db, first_bread, uniq_terence
D:4:      uniq_duvessa
D:5:      dancing_weapons_uskayaw, portal_sewer_entry_e
D:6:      lemuel_crystal_altar, gammafunk_temple_overflow_elements,
          uniq_prince_ribbit1
D:7:      cheibrodos_ashenzari_chains
D:8:      enter_bailey_2
D:9:      kennysheep_little_box, tgw_trog, erik_lair_dragon, serial_shops, shop,
          makhleb_blood_cavern_becter
D:10:     minmay_cornered_nines, basic_altar, grunt_livestock
D:11:     okawaru_arena_lexackson, zombieorc2_lemuel, serial_shops,
          nicolae_shop_crystal
Lair:2:   minmay_swamp_entry_wisps, minmay_snake_entry_guardpost_small,
          serial_bayou_lagoon_b, grunt_megastairs_2
Lair:3:   pond, uniq_fannar
Orc:1:    giant_chief_lemuel, elves_outpost_lemuel
Orc:2:    pf_orc_diabolical, lab_entry_generic
Bailey:   bailey_polearm_4, bailey

Action                   |  1- 3 |  4- 6 |  7- 9 | 10-12 || total
-------------------------+-------+-------+-------+-------++-------
Melee: Hand axe          |   132 |   133 |   275 |       ||   540
       Broad axe         |       |       |   168 |       ||   168
       Battleaxe         |       |       |    47 |   696 ||   743
       Unarmed           |       |       |       |     7 ||     7
 Abil: Device Recharging |       |     2 |     4 |     3 ||     9
Evoke: Wand              |     1 |     9 |    21 |    28 ||    59
  Use: Scroll            |     4 |     2 |    17 |    14 ||    37
       Potion            |       |       |     8 |    16 ||    24
 Stab: Paralysed         |     1 |       |     4 |     1 ||     6
       Sleeping          |       |     2 |     2 |     4 ||     8
       Invisible         |       |     1 |       |       ||     1
       Petrified         |       |       |    12 |       ||    12
       Confused          |       |       |     6 |     5 ||    11
       Petrifying        |       |       |     1 |     1 ||     2
       Distracted        |       |       |     1 |     2 ||     3
  Eat: Chunk             |    16 |     4 |    21 |    25 ||    66
       Beef jerky        |       |       |       |     3 ||     3
Armor: Leather armour    |    50 |    55 |   161 |       ||   266
       Scale mail        |       |       |    12 |   132 ||   144
       Skin              |       |       |       |     4 ||     4
       Chain mail        |       |       |       |   144 ||   144
Dodge: Dodged            |    92 |   105 |   221 |   377 ||   795
